 Dungeon Crawl Stone Soup version 0.28.0 (webtiles) character file.

Game seed: 18303017317101677926

1518 Ayyar the Cleaver (level 8, -2/71 HPs)
             Began as a Minotaur Fighter on Feb 18, 2022.
             Was a Follower of Qazlal.
             Slain by a small abomination (18 damage)
             ... on level 3 of the Dungeon.
             The game lasted 00:12:52 (5705 turns).

Ayyar the Cleaver (Minotaur Fighter)                Turns: 5705, Time: 00:12:52

Health: -2/71      AC:  7    Str: 23    XL:     8   Next: 54%
Magic:  7/7        EV:  9    Int:  5    God:    Qazlal [*.....]
Gold:   330        SH:  7    Dex: 16    Spells: 7/7 levels left

rFire   . . .      SeeInvis +   a - +0 war axe
rCold   . . .      Faith    .   c - +0 buckler
rNeg    . . .      Spirit   .   b - +0 scale mail
rPois   .          Reflect  .   (helmet restricted)
rElec   .          Harm     .   (no cloak)
rCorr   .          Rampage  .   (no gloves)
Will    .....                   (no boots)
Stlth   ..........              (no amulet)
HPRegen 0.21/turn               h - +6 ring of dexterity
MPRegen 0.10/turn               o - ring of see invisible

@: no status effects
A: horns 2, retaliatory headbutt
a: Renounce Religion


You were on level 3 of the Dungeon.
You worshipped Qazlal.
Qazlal was aware of your devotion.
You visited 2 branches of the dungeon, and saw 6 of its levels.

You collected 330 gold pieces.

Inventory:

Hand Weapons
 a - a +0 war axe (weapon)
 r - a +0 broad axe
Armour
 b - a +0 scale mail (worn)
 c - a +0 buckler (worn)
 j - the +1 ring mail of the Stone Wall {rC- Will+ Str+3}
   (You found it on level 2 of the Dungeon)

   Str:       It affects your strength (+3).
   rC:        It makes you vulnerable to cold.
   Will:      It increases your willpower.
Jewellery
 h - a +6 ring of dexterity (left hand)
 o - a ring of see invisible (right hand)
Wands
 e - a wand of charming (4)
 l - a wand of flame (13)
Scrolls
 d - a scroll of magic mapping {unknown}
 g - a scroll of vulnerability {unknown}
 k - a scroll of amnesia {unknown}
 m - 3 scrolls of identify {unknown}
 n - 2 scrolls of teleportation {unknown}
 q - a scroll of fear {unknown}
 s - a scroll of holy word {unknown}
 t - a scroll of enchant armour {unknown}
 u - 2 scrolls of immolation {unknown}
Potions
 f - a potion of ambrosia {unknown}
 i - a potion of invisibility {unknown}


   Skills:
 + Level 6.5 Fighting
 * Level 8.1 Axes
 + Level 1.4 Throwing
 * Level 7.0 Armour
 + Level 6.5 Shields
 + Level 1.2 Evocations


You had 7 spell levels left.
You didn't know any spells.
Your spell library contained the following spells:

 Spells                   Type           Power      Damage    Failure   Level
 Foxfire                  Conj/Fire      0%         2x1d4     83%         1
 Sandblast                Erth           0%         2d4       83%         1
 Blink                    Tloc           0%         N/A       93%         2
 Gell's Gravitas          Tloc           0%         N/A       99%         3
 Lesser Beckoning         Tloc           0%         N/A       99%         3
 Teleport Other           Tloc           0%         N/A       99%         3
 Manifold Assault         Tloc           0%         N/A       100%        5
 Storm Form               Tmut/Air       0%         N/A       100%        7


Dungeon Overview and Level Annotations

Branches:
Dungeon (5/15)             Temple (1/1) D:4

Altars:
Ashenzari
Cheibriados
Fedhas
Qazlal
Sif Muna
Uskayaw
Vehumet
The Shining One

Portals:
Abyss: D:3

Annotations:
D:3 SteelSquire's ghost, amateur HOFi


Innate Abilities, Weirdness & Mutations

You have a pair of horns on your head.
You reflexively headbutt those who attack you in melee.


Message History

You barely miss the kobold. The kobold hits you but does no damage.
Space warps around you.
You slice the kobold!!
You kill the kobold!
Qazlal accepts your kill.
A small abomination comes into view.
Things that are here:
a +0 short sword of distortion; a kobold corpse You start resting.
A toenail golem is nearby!
The small abomination barely misses you.
The small abomination closely misses you.
You furiously retaliate!
You headbutt the small abomination, but do no damage.
You block the small abomination's attack.
You block the small abomination's attack.
You block the small abomination's attack.
The small abomination hits you!
You block the small abomination's attack.
There is a transporter here.
You slash the small abomination!
The small abomination is heavily damaged.
The small abomination hits you!
The small abomination barely misses you.
You enter the transporter and appear at another place.
You block the small abomination's attack.
The small abomination hits you!
* * * LOW HITPOINT WARNING * * *
You hit the small abomination.
Your headbutt misses the small abomination.
The small abomination is severely damaged.
You hit the small abomination.
You block the small abomination's attack.
The small abomination barely misses you.
You hit the small abomination.
The small abomination is severely damaged.
You hit the small abomination but do no damage.
The small abomination closely misses you.
The small abomination hits you!!
You die...

# #....####.......###....####. #
#....#..###...###$##...####. ##
#....##...##..#.#..#........
>#####.....#.#..####.#.##...####.
..........##9.#....W#.##.....###.
.######..##.###^#.##.##.....#.##.
.# #..#©9#..∩9.##©#.....###... .#
#..##).#.###...###...##.... .#
#...###.##@###.. ##..#.##.. .#
##...##..#.xx.##.#.#...###.. .#
#..(##..####...##..#..## #.. .#
#...#..##..##..##.##..## #..
.#####...##...^..#..##.#....# #..
.##.......#### ##..##$#....###..
.##>##.......####....###.....<...
....##........##...........####.#
.....................)..........#


You could see a toenail golem and 2 small abominations.

Vanquished Creatures
  Prince Ribbit (D:5)
  Sigmund (D:5)
  A small abomination (D:3)
  2 water moccasins (D:5)
  2 necrophages
  An ogre (D:4)
  A phantom (D:5)
  A centaur (D:5)
  A scorpion (D:5)
  A hound (D:4)
  An orc priest (D:5)
  3 iguanas
  3 orc wizards
  7 adders
  A white imp (D:5)
  2 dart slugs
  5 orcs
  7 ball pythons
  3 bats
  2 endoplasms
  3 giant cockroaches
  9 goblins
  7 hobgoblins
  4 jackals (D:2)
  3 quokkas
  3 frilled lizards
  8 kobolds
  3 rats
86 creatures vanquished.

Notes
Turn   | Place    | Note
-------+----------+-------------------------------------------
     0 | D:1      | Ayyar the Minotaur Fighter began the quest for the Orb.
     0 | D:1      | Reached XP level 1. HP: 19/19 MP: 0/0
   259 | D:1      | Reached XP level 2. HP: 26/27 MP: 1/1
   360 | D:1      | Reached skill level 3 in Axes
   783 | D:2      | Noticed a necrophage
   791 | D:2      | Killed a necrophage
   792 | D:2      | Reached skill level 4 in Axes
   792 | D:2      | Reached XP level 3. HP: 34/34 MP: 2/2
   792 | D:2      | Reached XP level 4. HP: 41/41 MP: 3/3
   920 | D:2      | Identified the +1 ring mail of the Stone Wall {rC- Will+
                  | Str+3}
  1240 | D:3      | Found a hide-covered altar of Uskayaw.
  1240 | D:3      | Found a stormy altar of Qazlal.
  1243 | D:3      | Became a worshipper of Qazlal Stormbringer
  1304 | D:3      | Reached XP level 5. HP: 47/47 MP: 4/4
  1324 | D:3      | Found a large runed translucent door.
  1325 | D:3      | Found a large runed translucent door.
  1440 | D:3      | Found a transporter.
  1442 | D:3      | Found a transporter.
  1797 | D:3      | Noticed a small abomination
  1805 | D:3      | Found a one-way gate to the infinite horrors of the Abyss.
  1805 | D:3      | Noticed SteelSquire's ghost (amateur HOFi)
  1805 | D:3      | Noticed a small abomination
  1810 | D:3      | Noticed a toenail golem
  1946 | D:3      | Noticed a small abomination
  2460 | D:3      | Found a snail-covered altar of Cheibriados.
  2465 | D:3      | Found a broken altar of Ashenzari.
  2603 | D:4      | Noticed an ogre
  2611 | D:4      | Killed an ogre
  2612 | D:4      | Reached skill level 5 in Axes
  2612 | D:4      | Reached XP level 6. HP: 12/55 MP: 5/5
  2951 | D:4      | Found a staircase to the Ecumenical Temple.
  2958 | D:4      | Reached * piety under Qazlal
  2967 | Temple   | Entered the Ecumenical Temple
  3126 | D:4      | Reached skill level 5 in Shields
  3220 | D:4      | Reached skill level 5 in Fighting
  3224 | D:4      | Reached skill level 5 in Armour
  3981 | D:5      | Entered Level 5 of the Dungeon
  4061 | D:5      | Reached skill level 6 in Axes
  4061 | D:5      | Reached XP level 7. HP: 52/61 MP: 6/6
  4385 | D:5      | Noticed Prince Ribbit
  4387 | D:5      | Noticed Sigmund
  4439 | D:5      | Killed Sigmund
  4471 | D:5      | Killed Prince Ribbit
  4472 | D:5      | Reached skill level 7 in Axes
  4472 | D:5      | Reached XP level 8. HP: 44/70 MP: 7/7
  4762 | D:5      | Got the Compendium of Torrid Earth
  5050 | D:5      | Reached skill level 1 in Throwing
  5127 | D:5      | Found a glowing golden altar of the Shining One.
  5128 | D:5      | Found a blossoming altar of Fedhas.
  5129 | D:5      | Found a radiant altar of Vehumet.
  5130 | D:5      | Found a shimmering blue altar of Sif Muna.
  5308 | D:5      | Noticed a two-headed ogre
  5346 | D:4      | Reached skill level 1 in Evocations
  5655 | D:3      | Reached skill level 8 in Axes
  5705 | D:3      | Slain by a small abomination

Illustrated notes

Levels and vault maps discovered:
D:1:      dpeg_arrival_pits, layout_loops_ring, hangedman_decor_riveting
D:2:      layout_basic, chequers_ecumenical_altar_simple_redux
D:3:      layout_loops_ring, jmf_multi_god_temple2,
          gammafunk_temple_overflow_elements, gammafunk_ghost_abyssal_escape,
          grunt_ministairs_2, chequers_serial_rivers_room_a
D:4:      layout_loops_corners, minmay_temple_entry_wispy, fountainhead,
          st_stairs_6
D:5:      layout_loops_ring, mainiacjoe_overflow_alcove_3, minmay_small_thing,
          uniq_prince_ribbit1, uniq_sigmund
Temple:   jpeg_temple_clearing

Skill      XL: |  1  2  3  4  5  6  7  8 |
---------------+-------------------------+-----
Axes           | 4 5 6 7 8 |  8.1
Fighting       | 4 5 6 |  6.5
Armour         | 4 5 6 7 |  7.0
Shields        | 4 5 6 |  6.5
Throwing       | 1 |  1.4
Evocations     | 1 |  1.2

Action                   |  1- 3 |  4- 6 |  7- 9 || total
-------------------------+-------+-------+-------++-------
Melee: War axe           |    35 |   125 |    76 ||   236
       Headbutt          |     3 |    16 |    10 ||    29
  Use: Potion            |     1 |       |     5 ||     6
Armor: Scale mail        |    17 |    41 |    16 ||    74
Dodge: Dodged            |    14 |    56 |    35 ||   105
Block: Buckler           |     6 |    28 |    33 ||    67
